 Dungeon Crawl Stone Soup version 0.28.0 (webtiles) character file.

Game seed: 440127502038408956

11 GrayStillPlays the Skirmisher (level 2, -4/24 HPs)
             Began as a Demonspawn Fighter on Feb 13, 2022.
             Frozen to death by an endoplasm (5 damage)
             ... on level 1 of the Dungeon.
             The game lasted 00:00:21 (120 turns).

GrayStillPlays the Skirmisher (Demonspawn Fighter)   Turns: 120, Time: 00:00:21

Health: -4/24      AC:  6    Str: 16    XL:     2   Next: 13%
Magic:  2/2        EV:  8    Int:  9    God:
Gold:   0          SH:  4    Dex: 12    Spells: 1/1 levels left

rFire   . . .      SeeInvis .   a - +0 war axe {axe}
rCold   . . .      Faith    .   c - +0 buckler
rNeg    . . .      Spirit   .   b - +0 scale mail
rPois   .          Reflect  .   (no helmet)
rElec   .          Harm     .   (no cloak)
rCorr   .          Rampage  .   (no gloves)
Will    .....                   (no boots)
Stlth   ..........              (no amulet)
HPRegen 0.08/turn               (no ring)
MPRegen 0.08/turn               (no ring)

@: no status effects
A: claws 1
a: no special abilities


You were on level 1 of the Dungeon.
You visited 1 branch of the dungeon, and saw 1 of its levels.


Innate Abilities, Weirdness & Mutations

You have sharp fingernails.


   Skills:
 + Level 3.2 Fighting
 + Level 2.0 Axes
 + Level 2.8 Armour
 + Level 2.8 Shields


You had one spell level left.
You didn't know any spells.
Your spell library was empty.

Inventory:

Hand Weapons
 a - a +0 war axe (weapon) {axe}
Missiles
 e - 4 poisoned darts (quivered) {throwing}
Armour
 b - a +0 scale mail (worn)
 c - a +0 buckler (worn)
Potions
 d - a potion of might

Dungeon Overview and Level Annotations

Branches:
Dungeon (1/15)

Altars:

#.#.# #.# #.#.# #.#.##
####.#.# #.#...
.......#### #.#..####
....†.....# #.#.....
..##.#.##.# #.#....
.....#.##.#####.#..#
...#.#.#........#..#.#
#...........##).@)...#
##...#....#.##.##J....#
#..###.#....^...
.$..... ...#
#....#.##.##.......
...# #....#.##.#
..#....
...###.........#
.......
>.....>...#.####
..(.... .#..###.# ###.
.. .##.#


You could see an endoplasm.


Message History

You are too injured to fight recklessly!
You are too injured to fight recklessly!
You closely miss the jackal.
The jackal bites you but does no damage.
The jackal misses you.
You hit the jackal but do no damage.
The jackal bites you but does no damage.
The jackal closely misses you.
You hit the jackal. The jackal barely misses you.
The jackal bites you but does no damage.
You closely miss the jackal.
The jackal bites you but does no damage.
You block the jackal's attack.
You miss the jackal. The jackal barely misses you.
The jackal bites you but does no damage. x2 😮 HP[+1]
You barely miss the jackal. You block the jackal's attack.
You hit the jackal.
You kill the jackal!
A kobold comes into view. It is wielding a +0 whip.
The kobold shouts!
A jackal comes into view.
A kobold comes into view. It is wielding a +0 short sword.
There are monsters nearby!
You are too injured to fight recklessly!
There are monsters nearby!
There are monsters nearby!
You are too injured to fight recklessly!
You are too injured to fight recklessly!
You are too injured to fight recklessly!
You are too injured to fight recklessly!
The kobold shouts!
You slash the jackal!
You kill the jackal!
You hear a bark! x2; You hear a shout!
The kobold throws a stone.
The stone closely misses you.
A kobold comes into view. It is wielding a +0 club.
The kobold throws a stone.
The stone closely misses you.
You hear a shout! 2 jackals come into view.
The jackal barks! x2; You hear a shout!
The kobold barely misses you.
You slash the jackal!
You kill the jackal!
You hit the kobold.
You kill the kobold!
You hit the jackal.
The jackal bites you but does no damage.
An endoplasm comes into view.
The jackal closely misses you.
The kobold throws a stone.
The stone closely misses you.
Your Axes skill increases to level 2!
You have reached level 2!
Your demonic ancestry asserts itself...
Your fingernails lengthen. 😮 HP[+4] MP[+1]
You now have 24 max hp (+6).
You regained 4 hp, and now have 16/24 hp.
Your mp is fully restored (2).
The endoplasm quivers.
You hit the jackal but do no damage. The jackal barely misses you.
The jackal bites you but does no damage.
You hit the jackal. You barely miss the kobold. You block the jackal's attack.
The kobold hits you with a +0 short sword.
The jackal closely misses you. You block the kobold's attack. 😮 HP[-3]
You take 3 damage, and now have 13/24 hp.
You slash the jackal!
You kill the jackal!
You closely miss the kobold. You barely miss the kobold.
You block the kobold's attack.
The kobold hits you with a +0 short sword.
The kobold hits you with a +0 club.
* * * LOW HITPOINT WARNING * * *
😨 HP[-2]
You take 2 damage, and now have 11/24 hp.
You completely miss the kobold. You hit the kobold.
You kill the kobold!
You block the kobold's attack. The kobold hits you but does no damage.
The endoplasm freezes you.
You are frozen.
* * * LOW HITPOINT WARNING * * *
😱 HP[-5]
You take 5 damage, and now have 6/24 hp.
MASSIVE DAMAGE!! (PAUSE)
You completely miss the kobold. You hit the endoplasm.
The kobold barely misses you. The endoplasm freezes you.
You are frozen.
* * * LOW HITPOINT WARNING * * *
😱 HP[-5]
You take 5 damage, and now have 1/24 hp.
MASSIVE DAMAGE!! (PAUSE)
You slash the kobold!
You kill the kobold!
You hit the endoplasm.
The endoplasm hits you but does no damage.
The endoplasm freezes you.
You are frozen.
You die...

Skill      XL: |  1 |
---------------+----+-----
Axes           | 2 |  2.0
Fighting       | |  3.2
Armour         | |  2.8
Shields        | |  2.8

Action                   || total
-------------------------++-------
Melee: War axe           ||    27
Armor: Scale mail        ||    19
Dodge: Dodged            ||    20
Block: Buckler           ||     8

Levels and vault maps discovered:
D:1:      psy_arrival_conway, layout_loops_ring,
          nicolae_ecumenical_snake_handling, minmay_octomino_e4

Notes
Turn   | Place    | Note
-------+----------+-------------------------------------------
     0 | D:1      | GrayStillPlays the Demonspawn Fighter began the quest for
                  | the Orb.
     0 | D:1      | Reached XP level 1. HP: 18/18 MP: 1/1
     0 | D:1      | magus.rc [v1.9.6]
   115 | D:1      | Reached skill level 2 in Axes
   115 | D:1      | Gained mutation: You have sharp fingernails. [demonic
                  | ancestry]
   115 | D:1      | Reached XP level 2. HP: 16/24 MP: 2/2
   118 | D:1      | HP: 6/24 [frozen (5)]
   119 | D:1      | HP: 1/24 [frozen (5)]
   120 | D:1      | Frozen to death by an endoplasm

Vanquished Creatures
  A ball python (D:1)
  A goblin (D:1)
  4 jackals (D:1)
  A frilled lizard (D:1)
  3 kobolds (D:1)
10 creatures vanquished.

Table legend:
 A = Non-vault XP
 B = Vault XP
 C = Vault XP percentage of total XP
 D = Non-vault monster count
 E = Vault monster count
 F = Vault count percentage of total count
                 A         B        C        D         E       F
            +---------+---------+-------+---------+---------+-------
      Total |      17 |       0 |   0.0 |      10 |       0 |   0.0
            +---------+---------+-------+---------+---------+-------
        D:1 |      17 |       0 |   0.0 |      10 |       0 |   0.0
            +---------+---------+-------+---------+---------+-------

Illustrated notes

Table legend:
 A = Kills in this place as a percentage of kills in entire the game.
 B = Kills by you in this place as a percentage of kills by you in the entire game.
 C = Kills by friends in this place as a percentage of kills by friends in the entire game.
 D = Other kills in this place as a percentage of other kills in the entire game.
 E = Experience gained in this place as a percentage of experience gained in the entire game.
 F = Experience gained in this place divided by the number of levels of this place that you have seen.
                   A       B       C       D       E      F
               +-------+-------+-------+-------+-------+----------------------
         Total | 100.0 | 100.0 |   N/A |   N/A | 100.0 |  17.0
       Dungeon | 100.0 | 100.0 |   N/A |   N/A | 100.0 |  17.0
               +-------+-------+-------+-------+-------+----------------------

Table legend: (Time is in decaauts)
 A = Elapsed time spent in this place.
 B = Non-inter-level travel time spent in this place.
 C = Inter-level travel time spent in this place.
 D = Time resting spent in this place.
 E = Time spent auto-exploring this place.
 F = Levels seen in this place.
 G = Mean time per level.
                   A        B        C        D        E       F      G
               +--------+--------+--------+--------+--------+-----+--------+
         Total |    133 |    133 |      0 |      0 |     82 |   1 |  133.0 |
       Dungeon |    133 |    133 |      0 |      0 |     82 |   1 |  133.0 |
               +--------+--------+--------+--------+--------+-----+--------+

Top non-repeatable levels by time:
     D:1: 133 daAuts
